 Dungeon Crawl Stone Soup version 0.17-a0-1906-g6d5812e (webtiles) character file.

66633 suicidejoker the Timeless (level 14, -7/109 HPs)
             Began as a Demonspawn Monk on Sept 25, 2015.
             Was a High Priest of Cheibriados.
             Mangled by a death yak (16 damage)
             ... on level 6 of the Lair of Beasts.
             The game lasted 02:50:16 (34900 turns).

suicidejoker the Timeless (Demonspawn Monk)        Turns: 34900, Time: 02:50:16

Health: -7/109     AC: 13    Str: 37    XL:     14   Next: 79%
Magic:  4/23       EV: 29    Int: 22    God:    Cheibriados [*****.]
Gold:   643        SH:  0    Dex: 38    Spells: 1 memorised, 11 levels left

rFire  . . .     SeeInvis +     y - +3 shortbow
rCold  . . .     Clarity  +     Q - +1 leather armour of the Mackerel {Str+4}
rNeg   . . .     SustAt   .     (no shield)
rPois  +         Gourm    .     a - +2 hat
rElec  .         Spirit   .     i - +2 cloak {rPois}
rCorr  .         Warding  .     (no gloves)
rMut   .         Stasis   .     (no boots)
MR     +....                    P - amulet of Fogaxinu {Clar Dex+5}
Stlth  ++++++....               w - +3 ring of protection
                                T - ring of see invisible

@: mighty, agile, heavily drained, very slow, somewhat resistant to hostile
enchantments, very stealthy
A: antennae 1, claws 1, talons 2, blurry vision 1, dopey 1, powered by pain 2,
evolution 2, rot immunity
a: Bend Time, Temporal Distortion, Slouch, Step From Time, Renounce Religion


You were on level 6 of the Lair of Beasts.
You worshipped Cheibriados.
Cheibriados was extremely pleased with you.
You were near starving.

You visited 2 branches of the dungeon, and saw 21 of its levels.

You collected 1141 gold pieces.
You spent 498 gold pieces at shops.

Inventory:

Hand weapons
 o - a +0 blowgun
 u - a +2 arbalest
 y - a +3 shortbow (weapon)
 C - a +2 broad axe of chopping
Missiles
 c - 3 needles of slowing
 h - 32 arrows (quivered)
 l - 6 steel bolts
 m - 13 needles of sleeping
 s - 9 arrows of flame
 t - 14 poisoned arrows
 x - 97 sling bullets
 D - 74 poisoned needles
 H - 4 needles of confusion
 J - 9 silver bolts
Armour
 a - a +2 hat (worn)
 i - a +2 cloak of poison resistance (worn)
 n - a +1 plate armour of poison resistance
 z - a +1 robe of resistance
 G - the +0 ring mail "Woecius" {MR+}
   (You found it on level 6 of the Dungeon)

   It affects your resistance to hostile enchantments.
 Q - the +1 leather armour of the Mackerel (worn) {Str+4}
   (You found it on level 2 of the Lair of Beasts)

   It affects your strength (+4).
Magical staves
 I - an uncursed staff of cold
 W - an uncursed staff of poison
Jewellery
 e - an uncursed ring of stealth
 p - an uncursed ring of poison resistance
 w - a +3 ring of protection (right claw)
 F - an uncursed ring of ice
 P - the amulet of Fogaxinu (around neck) {Clar Dex+5}
   (You took it off an orc on level 8 of the Dungeon)

   [amulet of clarity]

   It provides mental clarity.
   It affects your dexterity (+5).
 R - an uncursed ring of teleportation
 T - a ring of see invisible (left claw)
 U - an uncursed amulet of resist mutation {unknown}
 X - an uncursed ring of stealth
Magical devices
 q - a wand of paralysis (17)
 v - a wand of fireball (0)
 B - a wand of confusion (28)
 M - a wand of enslavement (10)
 O - a wand of disintegration (0)
 Y - a wand of confusion (18)
 Z - a wand of frost (28)
Scrolls
 j - 3 scrolls of recharging
 r - 2 scrolls of magic mapping
 K - 2 scrolls of blinking
 L - a scroll of remove curse
 V - 2 scrolls of enchant armour
Potions
 g - a potion of lignification {unknown}
 E - 4 potions of agility
Miscellaneous
 d - a sack of spiders
Comestibles
 b - 13 bread rations
 f - a beef jerky
 k - 11 slices of pizza
 A - a royal jelly
 N - 12 fruits
 S - 3 meat rations


   Skills:
 + Level 9.9(7.9) Fighting
 - Level 2.5(0.9) Staves
 * Level 7.5(5.6) Bows
 - Level 8.7(6.8) Crossbows
 + Level 8.1(6.2) Armour
 + Level 11.0(8.9) Dodging
 - Level 9.3(7.3) Stealth
 - Level 9.1(7.1) Unarmed Combat
 + Level 12.5(10.3) Invocations
 - Level 0.4(0.0) Evocations


You had 11 spell levels left.
You knew the following spells:

 Your Spells              Type           Power        Failure   Level  Hunger
a - Song of Slaying       Chrm           #.......     28%         2    ###....


Dungeon Overview and Level Annotations

Branches:
Dungeon (15/15)            Temple (0/1) D:5            Lair (6/8) D:9
  Swamp (0/4) Lair:4       Spider (0/4) Lair:5          Orc (0/4) D:11
 Vaults (0/5) D:14
  Slime: Lair:6-8    Depths: D:15

Altars:
Ashenzari
Cheibriados
Elyvilon
Fedhas
Gozag
Kikubaaqudgha
Makhleb
Nemelex Xobeh
Qazlal
Sif Muna
Trog
The Shining One

Shops:
D:4 !   D:10 !   D:13 *

Portals:
Trove: D:15 (show abyssal rune of Zot)

Annotations:
D:12 Azrael, Harold
Lair:6 Rupert


Innate Abilities, Weirdness & Mutations

You have a pair of small antennae on your head.
You have sharp fingernails.
You have razor-sharp toenails.
You sometimes gain power by taking damage.
You are immune to rotting.
Scrolls take you a little longer to read.
You are dopey. (Int -2)
You rapidly evolve.


Message History

You are near starving!
The death yak barely misses you. The death yak completely misses you.
The death yak closely misses you.
There is a stone staircase leading up here.
Use which ability?
You can feel time thicken for a moment.
You feel somewhat more hungry.
Cheibriados reduces the support of your attributes as your movement quickens.
The death yak barely misses you. The death yak completely misses you.
The yak completely misses you.
Use which ability?
The flow of time bends around you.
Cheibriados rebukes the death yak.
The death yak seems to slow down.
Cheibriados rebukes the death yak.
The death yak seems to slow down.
Cheibriados rebukes the yak.
The yak seems to slow down.
You feel slightly more hungry. The death yak completely misses you.
The death yak gores you!
You die...

## #(( ..##.(#
.....(.# ..$.....##
.....((#.##
..:..(.#..## ##
.......(Y..####.##
......<.Y@.......#
........Y........#
.................#
.P...............#
#................###
#...##..............
#..# #..........###
...#...
###.........# .....#
#.#......###


You could see 2 death yaks and a yak.

Vanquished Creatures
  Gastronok (Lair:2)
  2 vault guards (D:14)
  4 hydras
  2 centaur warriors
  A queen ant (Lair:1)
  A tengu warrior (D:13)
  3 unseen horrors
  13 hill giants
  A wizard (D:14)
  4 griffons
  2 necromancers (D:14)
  2 cyclopes (D:15)
  A manticore (D:15)
  2 black mambas
  2 ugly things
  An elephant (Lair:4)
  10 spiny frogs
  4 efreet
  A redback zombie (D:13)
  A fire drake (Lair:4)
  8 komodo dragons
  2 tengu conjurers
  A freezing wraith (D:14)
  11 trolls
  2 polar bears
  15 blink frogs
  A polar bear (shapeshifter) (D:14)
  Grinder (D:3)
  3 vampires
  2 two-headed ogres
  4 trapdoor spiders
  3 deep elf magi
  A wyvern (D:13)
  A shadow (D:14)
  5 hippogriffs
  5 wraiths
  21 humans
  A vampire mosquito (Lair:4)
  2 basilisks
  3 hungry ghosts
  3 mottled dragons
  15 wolves
  31 yaks
  6 swamp worms (Lair:4)
  7 soldier ants
  13 water moccasins
  7 ice beasts
  An ice beast (shapeshifter) (D:14)
  5 porcupines
  2 sky beasts
  9 ogres
  2 black bears
  7 phantoms
  A necrophage (D:6)
  A wasp (D:12)
  2 eyes of draining (D:13)
  6 orc warriors
  13 crocodiles
  11 centaurs
  3 big kobolds
  Blork the orc (D:4)
  23 giant frogs
  A wyvern zombie (D:8)
  10 scorpions
  22 wights
  19 killer bees
  9 crimson imps
  An electric eel (Lair:4)
  A giant frog zombie (D:8)
  3 centaur zombies
  A gnoll shaman (D:10)
  6 centaur skeletons
  Crazy Yiuf (D:2)
  6 orc priests
  Ijyb (D:3)
  4 jellies
  11 hounds
  A giant frog skeleton (D:9)
  19 iguanas
  18 orc wizards
  3 quasits
  2 hell rats (D:7)
  13 sheep
  17 worker ants
  A killer bee zombie (D:10)
  6 ogre zombies (D:11)
  A hound zombie (D:10)
  3 hound skeletons
  5 worker ant zombies
  Robin (D:3)
  16 adders
  14 gnolls
  30 river rats
  3 shadow imps
  2 oozes
  4 adder skeletons
  An adder zombie (D:6)
  8 worms
  11 giant geckos
  55 orcs
  12 goblins
  10 hobgoblins
  12 jackals
  10 quokkas
  2 bats
  5 giant cockroaches
  A giant cockroach zombie (D:5)
  3 giant gecko skeletons
  A giant gecko zombie (D:7)
  5 giant newts
  A goblin zombie (D:11)
  A hobgoblin skeleton (D:11)
  2 hobgoblin zombies (D:11)
  A jackal zombie (D:6)
  16 kobolds
  3 orc skeletons (D:11)
  12 orc zombies (D:11)
  32 rats
  6 plants (Lair:1)
784 creatures vanquished.

Vanquished Creatures (collateral kills)
  A crocodile (Lair:6)
1 creature vanquished.

Vanquished Creatures (others)
  A centaur zombie (D:15)
  A wolf (Lair:5)
  A crocodile (D:12)
  An orc (D:15)
  4 fungi
  3 plants (Lair:2)
  13 toadstools (Lair:4)
24 creatures vanquished.

Grand Total: 809 creatures vanquished

Notes
Turn   | Place    | Note
--------------------------------------------------------------
     0 | D:1      | suicidejoker the Demonspawn Monk began the quest for the Orb.
     0 | D:1      | Reached XP level 1. HP: 18/18 MP: 1/1
   221 | D:1      | Gained mutation: You have sharp toenails. [demonic ancestry]
   221 | D:1      | Reached XP level 2. HP: 21/24 MP: 2/2
   831 | D:2      | Found an opulent altar of Gozag.
  1607 | D:2      | Gained mutation: You have a pair of small antennae on your head. [demonic ancestry]
  1607 | D:2      | Reached XP level 3. HP: 26/29 MP: 3/3
  1623 | D:2      | Found a blossoming altar of Fedhas.
  1671 | D:2      | Noticed Crazy Yiuf
  1708 | D:2      | Killed Crazy Yiuf
  1708 | D:2      | Reached skill level 1 in Armour
  1708 | D:2      | Reached skill level 4 in Unarmed Combat
  2395 | D:2      | Found a snail-covered altar of Cheibriados.
  2403 | D:2      | Became a worshipper of Cheibriados the Contemplative
  2403 | D:2      | Acquired Cheibriados's first power
  2410 | D:2      | Found a stormy altar of Qazlal.
  2477 | D:2      | Reached XP level 4. HP: 20/35 MP: 4/4
  2842 | D:3      | Noticed Ijyb
  2879 | D:3      | Killed Ijyb
  2996 | D:3      | Noticed Robin
  3011 | D:3      | Killed Robin
  3025 | D:3      | Gained mutation: You sometimes gain a little power by taking damage. [demonic ancestry]
  3025 | D:3      | Reached XP level 5. HP: 38/41 MP: 5/5
  3346 | D:3      | Found a shattered altar of Ashenzari.
  3388 | D:3      | Noticed Grinder
  3407 | D:3      | Paralysed by Grinder for 4 turns
  3416 | D:3      | Killed Grinder
  3416 | D:3      | Gained mutation: You have sharp fingernails. [demonic ancestry]
  3416 | D:3      | Reached XP level 6. HP: 38/48 MP: 6/6
  3456 | D:3      | Acquired Cheibriados's second power
  3826 | D:4      | Found Hecvi's Distillery.
  3846 | D:4      | Bought a potion of heal wounds for 55 gold pieces
  3846 | D:4      | Bought a potion of curing for 33 gold pieces
  3846 | D:4      | Bought 2 potions of might for 88 gold pieces
  4006 | D:4      | Reached XP level 7. HP: 34/54 MP: 3/7
  4167 | D:4      | Noticed Blork the orc
  4174 | D:4      | Reached skill level 1 in Invocations
  4183 | D:4      | Killed Blork the orc
  4407 | D:4      | Found a burning altar of Makhleb.
  4757 | D:5      | Entered Level 5 of the Dungeon
  5096 | D:5      | Reached skill level 5 in Stealth
  5236 | D:5      | Found an ancient bone altar of Kikubaaqudgha.
  5245 | D:5      | Acquired Cheibriados's third power
  5262 | D:5      | Reached skill level 5 in Unarmed Combat
  5405 | D:5      | Found a bloodstained altar of Trog.
  5556 | D:5      | Reached skill level 1 in Bows
  5556 | D:5      | Gained mutation: You are immune to rotting. [demonic ancestry]
  5556 | D:5      | Reached XP level 8. HP: 58/61 MP: 9/9
  5641 | D:5      | Found a white marble altar of Elyvilon.
  5669 | D:5      | Found a staircase to the Ecumenical Temple.
  6447 | D:6      | Acquired Cheibriados's fourth power
  7434 | D:6      | Reached skill level 5 in Bows
  7745 | D:6      | Reached skill level 5 in Dodging
  7974 | D:6      | Got a crude ring mail
  7995 | D:6      | Reached XP level 9. HP: 66/66 MP: 11/11
  8045 | D:7      | Found a sparkling altar of Nemelex Xobeh.
  8080 | D:7      | Found a glowing golden altar of the Shining One.
  8458 | D:7      | Reached skill level 5 in Fighting
  8488 | D:7      | Reached skill level 6 in Stealth
  9207 | D:7      | Identified the +0 ring mail "Woecius" {MR+} (You found it on level 6 of the Dungeon)
  9365 | D:8      | Reached skill level 5 in Invocations
  9427 | D:8      | Noticed a hill giant
  9427 | D:8      | Noticed a hill giant
  9445 | D:8      | Killed a hill giant
  9465 | D:8      | Killed a hill giant
  9465 | D:8      | Reached skill level 7 in Stealth
  9465 | D:8      | Reached XP level 10. HP: 31/74 MP: 10/14
  9567 | D:8      | Got a heavily runed emerald amulet
 10616 | D:8      | Learned a level 2 spell: Song of Slaying
 10758 | D:9      | Found a staircase to the Lair.
 12259 | D:9      | Reached skill level 8 in Stealth
 13065 | D:9      | Identified the amulet of Fogaxinu {Clar Dex+5} (You took it off an orc on level 8 of the Dungeon)
 13110 | D:10     | Entered Level 10 of the Dungeon
 13348 | D:10     | Reached skill level 1 in Staves
 13385 | D:10     | Noticed a hill giant
 13688 | D:10     | Noticed a hill giant
 13708 | D:10     | Killed a hill giant
 14014 | D:10     | Reached XP level 11. HP: 20/81 MP: 10/16
 15229 | Lair:1   | Entered Level 1 of the Lair of Beasts
 15921 | Lair:1   | Noticed a queen ant
 15950 | Lair:1   | Killed a queen ant
 16756 | Lair:1   | Reached skill level 9 in Stealth
 18609 | Lair:2   | Noticed Gastronok
 19489 | D:4      | Bought a potion of might for 44 gold pieces
 19489 | D:4      | Bought a potion of invisibility for 88 gold pieces
 19489 | D:4      | Bought a potion of heal wounds for 55 gold pieces
 19489 | D:4      | Bought a potion of might for 44 gold pieces
 19863 | D:10     | Found Lunosus's Distillery.
 19896 | D:10     | Reached XP level 12. HP: 54/89 MP: 11/17
 20240 | D:10     | Noticed a hill giant
 20248 | D:10     | Killed a hill giant
 20748 | D:10     | Bought a potion of mutation for 35 gold pieces
 20748 | D:10     | Bought a potion of might for 56 gold pieces
 20748 | D:10     | Gained mutation: Scrolls take you a little longer to read. [potion of mutation]
 20748 | D:10     | Gained mutation: You are agile. (Dex +2) [potion of mutation]
 20748 | D:10     | Gained mutation: You evolve. [potion of mutation]
 20770 | D:10     | Killed a hill giant
 20961 | D:10     | Gained mutation: You are dopey. (Int -2) [evolution]
 20979 | D:11     | Reached skill level 1 in Crossbows
 21292 | D:11     | Reached skill level 5 in Armour
 21497 | D:11     | Found a staircase to the Orcish Mines.
 22448 | Lair:2   | Got a fine leather armour
 22451 | Lair:2   | Identified the +1 leather armour of the Mackerel {Str+4} (You found it on level 2 of the Lair of Beasts)
 22586 | Lair:2   | Noticed a seven-headed hydra
 22592 | Lair:2   | Killed a seven-headed hydra
 22821 | Lair:2   | Killed Gastronok
 23481 | D:12     | HP: 1/92 [acid (7)]
 23487 | D:12     | HP: 1/92 [acid (11)]
 23755 | D:12     | Found a deep blue altar of Sif Muna.
 23806 | D:12     | Noticed Harold
 23811 | D:12     | Noticed Azrael
 23954 | D:13     | Reached skill level 5 in Crossbows
 23954 | D:13     | Gained mutation: You sometimes gain power by taking damage. [demonic ancestry]
 23954 | D:13     | Reached XP level 13. HP: 68/98 MP: 14/20
 24523 | D:13     | Found Zuodeish's Assorted Antiques.
 24827 | D:13     | Reached skill level 10 in Invocations
 25029 | D:13     | Lost mutation: You are agile. (Dex +2) [evolution]
 26620 | D:14     | Found a gate to the Vaults.
 26625 | D:14     | Reached skill level 10 in Dodging
 26639 | D:14     | Reached skill level 11 in Invocations
 28128 | D:14     | Gained mutation: You have razor-sharp toenails. [demonic ancestry]
 28128 | D:14     | Reached XP level 14. HP: 83/108 MP: 22/22
 28495 | D:15     | Entered Level 15 of the Dungeon
 28534 | D:15     | Found a portal to a secret trove of treasure.
 29036 | D:15     | HP: 2/108 [slime creature (4)]
 30025 | D:9      | Reached skill level 12 in Invocations
 31890 | Lair:4   | Found a staircase to the Swamp.
 32358 | Lair:4   | Gained mutation: You rapidly evolve. [evolution]
 33394 | Lair:5   | Found a hole to the Spider Nest.
 34871 | Lair:6   | Noticed Rupert
 34873 | Lair:6   | Paralysed by Rupert for 5 turns
 34900 | Lair:6   | Mangled by a death yak

Vault maps used:
D:1:      saegor_arrival_simple_c, kennysheep_boxes
D:2:      grunt_gozag_breadcrumbs, fedhas_altar_3,
          amethyst_overflow_temple_binary, first_bread, uniq_crazy_yiuf_cottage
D:3:      nicolae_ashenzari_panopticon, uniq_grinder, uniq_iyjb, uniq_robin
D:4:      serial_shops, nicolae_shop_waterfront, bloody_makhleb,
          uniq_blork_the_orc
D:5:      kennysheep_six_static_rooms, grunt_temple_overflow_open,
          minmay_temple_entry_from_below_a, elyvilon_altar_1
D:6:      minmay_item_behind_shaft
D:7:      lemuel_ratsnest, tso_oasis_becter, nemelex_deck
D:8:      grunt_pizzeria, minmay_radiant
D:9:      lair_0_dummy, kennysheep_generic_room_15
D:10:     forest_paths, serial_shops, shop
D:11:     zombieorc1_lemuel
D:12:     serial_shops, nicolae_shop_waterfront, basic_altar,
          minmay_tree_intersection, st_stairs_4, uniq_harold, uniq_urug,
          uniq_azrael
D:13:     serial_shops, nicolae_shop_trees
D:14:     grunt_vaults_entry_tiered
D:15:     hangedman_depths_entry_try_elsewhere_first, enter_trove_2,
          serial_glass, glass_columns_c, glass_columns_c
Lair:1:   wad_woods_antlair
Lair:2:   uniq_gastronok
Lair:4:   gammafunk_lair_enchanted_lake, nicolae_swamp_entry_splash_gauntlet
Lair:5:   nicolae_spider_entry_non_spiders, st_stairs_4
Lair:6:   kennysheep_abandoned_house, beast_lair_carwin_8, uniq_rupert

Action                   |  1- 3 |  4- 6 |  7- 9 | 10-12 | 13-15 || total
-------------------------+-------+-------+-------+-------+-------++-------
Melee: Unarmed           |   170 |   170 |    72 |    90 |       ||   502
       Staff             |       |       |       |   504 |       ||   504
       Dagger            |       |       |       |    47 |       ||    47
 Fire: Shortbow          |       |       |   570 |   456 |   734 ||  1760
       Arbalest          |       |       |       |   314 |   447 ||   761
Throw: Stone             |       |       |       |    34 |       ||    34
Invok: Bend Time         |       |     1 |     1 |     6 |    17 ||    25
       Slouch            |       |       |       |    19 |    10 ||    29
       Step From Time    |       |       |       |     1 |     3 ||     4
Evoke: Wand              |       |     2 |       |    12 |     6 ||    20
  Use: Potion            |     3 |     1 |     3 |    21 |     8 ||    36
       Scroll            |       |     4 |     8 |    18 |    11 ||    41
 Stab: Sleeping          |     1 |     8 |     7 |     1 |       ||    17
       Invisible         |     3 |       |       |       |       ||     3
       Paralysed         |       |    13 |       |     6 |       ||    19
       Distracted        |       |     1 |       |     1 |       ||     2
  Eat: Chunk             |     4 |     3 |     9 |     4 |     3 ||    23
       Meat ration       |       |       |       |     6 |     2 ||     8
       Beef jerky        |       |       |       |     2 |     1 ||     3
